 Dungeon Crawl Stone Soup version 0.26-a0-284-g73c0fb6129 (webtiles) character file.

Game seed: 8986623500172748923

18 BritishOli the Skirmisher (level 2, -2/24 HPs)
             Began as a Demonspawn Fighter on July 13, 2020.
             Slain by a kobold
             ... wielding a +0 short sword
              (4 damage)
             ... on level 2 of the Dungeon.
             The game lasted 00:00:23 (821 turns).

BritishOli the Skirmisher (Demonspawn Fighter)       Turns: 821, Time: 00:00:25

Health: -2/24      AC:  6    Str: 16    XL:     2   Next: 48%
Magic:  2/2        EV:  6    Int:  9    God:
Gold:   35         SH:  9    Dex: 18    Spells: 1/1 levels left

rFire    . . .     SeeInvis .   a - +0 long sword
rCold    . . .     Faith    .   c - +0 kite shield
rNeg     . . .     Spirit   .   b - +0 scale mail
rPois    .         Reflect  .   (no helmet)
rElec    .         Harm     .   (no cloak)
rCorr    .                      (no gloves)
MR       .....                  (no boots)
Stlth    +.........             (no amulet)
HPRegen  0.08/turn              e - +6 ring of dexterity
MPRegen  0.08/turn              (no ring)

@: lethally poisoned (-2 -> -7)
A: nightstalker 1
a: no special abilities


You were on level 2 of the Dungeon.
You visited 1 branch of the dungeon, and saw 2 of its levels.

You collected 35 gold pieces.

Inventory:

Hand Weapons
 a - a +0 long sword (weapon)
Armour
 b - a +0 scale mail (worn)
 c - a +0 kite shield (worn)
Jewellery
 e - a +6 ring of dexterity (left hand)
 l - an uncursed ring of protection from fire {unknown}
Scrolls
 f - a scroll of fear {unknown}
 g - 3 scrolls of identify {unknown}
 h - 2 scrolls of remove curse {unknown}
 i - 2 scrolls of blinking {unknown}
 j - a scroll of teleportation {unknown}
Potions
 d - 3 potions of might
 k - a potion of heal wounds {unknown}


   Skills:
 + Level 3.2 Fighting
 + Level 2.0 Long Blades
 + Level 2.9 Armour
 + Level 2.9 Shields


You had one spell level left.
You didn't know any spells.
Your spell library was empty.

Dungeon Overview and Level Annotations

Branches:
Dungeon (2/15)

Altars:


Innate Abilities, Weirdness & Mutations

You are slightly more attuned to the shadows.


Message History

You block the adder's attack. You block the goblin's attack.
You block the kobold's attack. The adder bites you.
You completely miss the adder.
The adder is severely wounded.
An adder comes into view.
You block the adder's attack. You block the kobold's attack.
The goblin hits you but does no damage.
The adder moves out of view.
Your shield and scale mail prevent you from hitting the adder.
The adder is severely wounded.
A bat comes into view.
The adder bites you.
* * * LOW HITPOINT WARNING * * *
You are lethally poisoned!
The adder poisons you!
The kobold hits you with a +0 short sword.
* * * LOW HITPOINT WARNING * * *
The goblin barely misses you.
You riposte.
You closely miss the goblin. You block the adder's attack.
You block the goblin's attack.
The kobold hits you with a +0 short sword.
You die...

..# .....##
.#...## ##
..#.. ...
#...####...
#.#........
#<.#.$.....
##.KS[.....
#.g@......
#.......g....
#.......#.S..
...###...#
#.. ... ..#..
. #. .......
..# #..


You could see 2 adders, 2 goblins and a kobold.

Vanquished Creatures
  A dart slug (D:1)
  2 leopard geckos (D:1)
  2 giant cockroaches (D:1)
  3 jackals (D:1)
  3 kobolds (D:1)
  2 rats (D:1)
13 creatures vanquished.

Vanquished Creatures (others)
  4 toadstools (D:1)
4 creatures vanquished.

Grand Total: 17 creatures vanquished

Notes
Turn   | Place    | Note
-------+----------+-------------------------------------------
     0 | D:1      | BritishOli the Demonspawn Fighter began the quest for the
                  | Orb.
     0 | D:1      | Reached XP level 1. HP: 18/18 MP: 1/1
   190 | D:1      | Gained mutation: You are slightly more attuned to the
                  | shadows. [demonic ancestry]
   190 | D:1      | Reached XP level 2. HP: 22/24 MP: 2/2
   821 | D:2      | Slain by a kobold

Illustrated notes

Levels and vault maps discovered:
D:1:      ldierk_walled_garden_2, layout_basic
D:2:      layout_rooms

Skill      XL: |  1 |
---------------+----+-----
Long Blades    | 2 |  2.0
Fighting       | |  3.2
Armour         | |  2.9
Shields        | |  2.9

Action                   || total
-------------------------++-------
Melee: Long sword        ||    48
Armor: Scale mail        ||    27
Dodge: Dodged            ||    18
Block: Kite shield       ||    41
       Rpst.: Long sword ||    10

Table legend:
 A = Non-vault XP
 B = Vault XP
 C = Vault XP percentage of total XP
 D = Non-vault monster count
 E = Vault monster count
 F = Vault count percentage of total count
                 A         B        C        D         E       F
            +---------+---------+-------+---------+---------+-------
      Total |      26 |       0 |   0.0 |      13 |       0 |   0.0
            +---------+---------+-------+---------+---------+-------
        D:1 |      26 |       0 |   0.0 |      13 |       0 |   0.0
            +---------+---------+-------+---------+---------+-------
